 Dungeon Crawl Stone Soup version 0.17-a0-1939-ga475588 (webtiles) character file.

184 HungrySpirit the Slasher (level 5, -2/42 HPs)
             Began as a Demigod Fighter on Sept 29, 2015.
             Slain by Blork the orc
             ... wielding a +4 glaive
              (6 damage)
             ... on level 4 of the Dungeon.
             The game lasted 00:03:16 (3056 turns).

HungrySpirit the Slasher (Demigod Fighter)          Turns: 3056, Time: 00:03:16

Health: -2/42      AC:  6    Str: 21    XL:     5   Next: 13%
Magic:  7/7        EV:  9    Int: 12    God:
Gold:   161        SH:  0    Dex: 15    Spells: 0 memorised, 4 levels left

rFire  . . .     SeeInvis .     a - +0 long sword
rCold  . . .     Clarity  .     b - +0 scale mail
rNeg   . . .     SustAt   +     (no shield)
rPois  .         Gourm    .     (no helmet)
rElec  .         Spirit   .     (no cloak)
rCorr  .         Warding  .     (no gloves)
rMut   .         Stasis   .     (no boots)
MR     .....                    (no amulet)
Stlth  ..........               (no ring)
                                (no ring)

@: not resistant to hostile enchantments, extremely unstealthy
A: high mp 1, sustain attributes
a: no special abilities


You were on level 4 of the Dungeon.
You were not hungry.

You visited 1 branch of the dungeon, and saw 4 of its levels.

You collected 161 gold pieces.

Inventory:

Hand weapons
 a - a +0 long sword (weapon)
Armour
 b - a +0 scale mail (worn)
 c - a +0 shield
Jewellery
 m - an uncursed amulet of faith {unknown}
Scrolls
 g - 4 scrolls of identify {unknown}
 j - 2 scrolls of blinking {unknown}
 l - a scroll of random uselessness {unknown}
 n - a scroll of fear {unknown}
 o - a scroll of enchant weapon {unknown}
 q - 2 scrolls of remove curse {unknown}
 r - a scroll of magic mapping {unknown}
 s - a scroll of teleportation {unknown}
Potions
 d - 3 potions of might
 k - a potion of heal wounds {unknown}
 p - 2 potions of haste {unknown}
 t - a potion of curing
Comestibles
 e - 2 bread rations
 f - a slice of pizza
 h - 3 meat rations
 i - 2 beef jerkies


   Skills:
 - Level 2.6 Fighting
 + Level 5.1 Long Blades
 - Level 2.6 Armour
 - Level 2.6 Shields


You had 4 spell levels left.
You didn't know any spells.

Dungeon Overview and Level Annotations

Branches:
Dungeon (4/15)
 Temple: D:4-7

Annotations:
D:2 exclusion: oklob plant
D:4 Blork the orc


Innate Abilities, Weirdness & Mutations

You have an increased reservoir of magic (+10% MP).
Your attributes are resistant to harm.


Message History

You closely miss the gnoll. The gnoll completely misses you.
You slash the gnoll!
The gnoll is heavily wounded.
The gnoll closely misses you.
You closely miss the gnoll.
The gnoll is heavily wounded.
Blork the orc hits you from afar with an enchanted glaive.
The gnoll closely misses you.
You hit the gnoll.
You kill the gnoll!
Blork the orc zaps a wand.
The puff of flame hits you!
Blork the orc zaps a wand.
The puff of flame hits you!
Things that are here:
a spear; a gnoll corpse You closely miss Blork the orc.
Blork the orc hits you with an enchanted glaive!
* * * LOW HITPOINT WARNING * * *
Your scale mail prevents you from hitting Blork the orc.
Blork the orc hits you with an enchanted glaive.
You die...

#.# #.# #†#
#.# ###.###
#.....#
#.....####
#.......o#
#.....##@##
#.....#<.^##
######.....#
#...†......
#.....#####
##...##
#####


You could see Blork the orc.

Vanquished Creatures
  A giant frog (D:3)
  6 adders
  A gnoll (D:4)
  An ooze (D:3)
  3 worms
  A giant gecko (D:3)
  A ball python (D:3)
  5 hobgoblins
  11 jackals (D:3)
  5 bats
  3 giant newts
  3 goblins
  3 kobolds
  2 rats (D:2)
46 creatures vanquished.

Vanquished Creatures (others)
  A plant (D:2)
1 creature vanquished.

Grand Total: 47 creatures vanquished

Notes
Turn   | Place    | Note
--------------------------------------------------------------
     0 | D:1      | HungrySpirit the Demigod Fighter began the quest for the Orb.
     0 | D:1      | Reached XP level 1. HP: 18/18 MP: 3/3
   592 | D:2      | Reached XP level 2. HP: 19/25 MP: 4/4
   689 | D:2      | Reached skill level 3 in Long Blades
   851 | D:2      | Reached XP level 3. HP: 18/30 MP: 5/5
  1093 | D:2      | HP: 1/30 [poison (a potion of poison)]
  1352 | D:2      | Found a blossoming altar of Fedhas.
  1385 | D:2      | Noticed an oklob plant
  1708 | D:3      | Noticed a giant frog
  1719 | D:3      | Killed a giant frog
  1719 | D:3      | Reached skill level 4 in Long Blades
  1719 | D:3      | Reached XP level 4. HP: 17/37 MP: 6/6
  2534 | D:3      | Reached skill level 5 in Long Blades
  2864 | D:3      | Reached XP level 5. HP: 37/42 MP: 7/7
  3034 | D:4      | Noticed Blork the orc
  3056 | D:4      | Slain by Blork the orc

Vault maps used:
D:1:      lemuel_arrival_river_ford, minmay_misc_feat_room
D:2:      tgw_fedhas
D:3:      first_bread
D:4:      serial_shops, shop_statue, uniq_pikel, uniq_blork_the_orc

Action                   |  1- 3 |  4- 6 || total
-------------------------+-------+-------++-------
Melee: Long sword        |    83 |    84 ||   167
  Use: Potion            |     5 |       ||     5
  Eat: Chunk             |     3 |       ||     3
       Bread ration      |       |     1 ||     1
